 Dungeon Crawl Stone Soup version 0.20.0-8-g6b59dc7 (webtiles) character file.

3557 PossumBlood the Fighter (level 9, -15/90 HPs)
             Began as a Minotaur Fighter on June 2, 2017.
             Was a Priest of Okawaru.
             Demolished by a two-headed ogre
             ... wielding a +0 dire flail
              (24 damage)
             ... on level 8 of the Dungeon.
             The game lasted 00:12:40 (5919 turns).

PossumBlood the Fighter (Minotaur Fighter)          Turns: 5919, Time: 00:12:42

Health: -15/90     AC: 14    Str: 22 (24) XL:     9   Next: 83%
Magic:  8/8        EV:  4    Int:  5      God:    Okawaru [***...]
Gold:   484        SH:  9    Dex:  8 (10) Spells: 8/8 levels left

rFire    + . .     SeeInvis .   a - +1 war axe
rCold    + . .     Gourm    .   c - +0 shield
rNeg     . . .     Faith    .   O - +1 plate armour
rPois    .         Spirit   .   (helmet restricted)
rElec    .         Reflect  .   w - +0 cloak
rCorr    .         Harm     .   (no gloves)
MR       .....                  k - +0 pair of boots
Stlth    ..........             L - amulet of regeneration
Regen    0.7/turn               u - ring of protection from cold
MPRegen  0.2/turn               e - ring of protection from fire

@: no status effects
A: retaliatory headbutt, horns 2
a: Heroism, Renounce Religion


You were on level 8 of the Dungeon.
You worshipped Okawaru.
Okawaru was most pleased with you.
You were not hungry.

You visited 1 branch of the dungeon, and saw 8 of its levels.

You collected 484 gold pieces.

Inventory:

Hand Weapons
 a - a +1 war axe (weapon)
Missiles
 b - 6 steel tomahawks (quivered)
Armour
 c - a +0 shield (worn)
 k - a +0 pair of boots (worn)
 w - a +0 cloak (worn)
 O - a +1 plate armour (worn)
Jewellery
 e - a ring of protection from fire (right hand)
 j - an uncursed ring of flight
 u - a ring of protection from cold (left hand)
 E - an uncursed ring of fire
 L - an amulet of regeneration (around neck)
Wands
 g - a wand of random effects (41/48)
 y - a wand of lightning (10/15)
 A - a wand of random effects (22/48)
 I - a wand of random effects (9/48)
 K - a wand of flame (12/48)
 N - a wand of lightning (5/15)
Scrolls
 h - a scroll of fog
 i - 2 scrolls of blinking
 n - 3 scrolls of teleportation
 p - 3 scrolls of remove curse
 q - a scroll of immolation
 r - 3 scrolls of identify
 H - a scroll of magic mapping
Potions
 l - 4 potions of lignification
 m - a potion of resistance
 s - 2 potions of magic
 z - 3 potions of heal wounds
 B - 2 potions of ambrosia
Books
 t - a book of Misfortune

   Spells                             Type                      Level
   a - Confusing Touch                Hexes                        1
   b - Confuse                        Hexes                        3
   c - Gell's Gravitas                Translocation                3
   d - Petrify                        Transmutation/Earth          4
   e - Metabolic Englaciation         Hexes/Ice                    5
   f - Yara's Violent Unravelling     Hexes/Transmutation          5
Comestibles
 d - a fruit
 f - 5 bread rations
 o - 4 royal jellies
 G - a meat ration


   Skills:
 - Level 12.0 Fighting
 + Level 12.0 Axes
 - Level 3.6 Armour
 - Level 3.6 Shields


You had 8 spell levels left.
You didn't know any spells.

Dungeon Overview and Level Annotations

Branches:
Dungeon (8/15)             Temple (0/1) D:5            Lair (0/6) D:8

Altars:
Okawaru
Qazlal
Trog
Vehumet


Innate Abilities, Weirdness & Mutations

You reflexively headbutt those who attack you in melee.
You have a pair of horns on your head.


Message History

The elephant trunk-slaps you but does no damage.
The basilisk bites you but does no damage.
The crimson imp blinks!
The two-headed ogre hits you but does no damage. x2
The elephant tramples you but does no damage.
The elephant trunk-slaps you but does no damage.
The basilisk gazes at you. You resist with some effort.
The elephant tramples you!
* * * LOW HITPOINT WARNING * * *
You hold your ground!
The elephant trunk-slaps you but does no damage.
You turn to flesh and can move again.
You slash the two-headed ogre!
The two-headed ogre is lightly wounded.
You hit the basilisk but do no damage. You slash the elephant!
The basilisk gazes at you. You resist with some effort.
The two-headed ogre hits you but does no damage.
The two-headed ogre hits you with a giant spiked club!!
You die...

#...........###
...............
......>.......#
!.........P...
#........P..#
#.........
#..YOl### #
#..@##.####
###.#...##....#
........##....#
###.#..5##....#
# #.........#
#.....^...#
###...<...#
#.......#
...........#


You could see an elephant, a two-headed ogre, a basilisk and a crimson imp.

Vanquished Creatures
  Pikel (D:6)
  2 hippogriffs
  Sigmund (D:4)
  A yak (D:8)
  A basilisk (D:8)
  Duvessa (D:6)
  An orc warrior (D:6)
  2 slaves (D:6)
  A sky beast (D:6)
  3 ogres
  A centaur (D:6)
  A bullfrog (D:7)
  Dowan (D:6)
  6 scorpions
  6 crimson imps
  2 howler monkeys
  A centaur zombie (D:6)
  A jelly (D:6)
  A gnoll shaman (D:4)
  Crazy Yiuf (D:2)
  A hound (D:4)
  7 orc wizards
  An orc priest (D:6)
  Jessica (D:2)
  2 bullfrog skeletons
  2 iguanas (D:7)
  Ijyb (D:5)
  Natasha (thrice) (D:2)
  4 worker ants
  A hound zombie (D:6)
  3 hound skeletons
  2 worker ant zombies
  11 gnolls
  6 adders
  2 shadow imps (D:7)
  4 worms
  4 dart slugs
  6 leopard geckos
  16 orcs
  2 ball pythons
  4 giant cockroaches
  5 goblins
  13 hobgoblins
  3 jackals (D:4)
  A quokka (D:3)
  7 bats
  6 frilled lizards
  A jackal skeleton (D:4)
  12 kobolds
  2 quokka skeletons
  4 rats
172 creatures vanquished.

Vanquished Creatures (others)
  2 slaves (D:6)
  A howler monkey (D:6)
3 creatures vanquished.

Grand Total: 175 creatures vanquished

Notes
Turn   | Place    | Note
-------+----------+-------------------------------------------
     0 | D:1      | PossumBlood the Minotaur Fighter began the quest for the Orb.
     0 | D:1      | Reached XP level 1. HP: 19/19 MP: 0/0
   106 | D:1      | Reached XP level 2. HP: 26/28 MP: 1/1
   509 | D:1      | Reached skill level 5 in Fighting
   755 | D:2      | Reached XP level 3. HP: 36/36 MP: 2/2
   815 | D:2      | Found a runed door.
   924 | D:2      | Reached XP level 4. HP: 14/44 MP: 3/3
  1178 | D:2      | Noticed Natasha
  1183 | D:2      | Killed Natasha
  1221 | D:2      | Noticed Natasha
  1228 | D:2      | Killed Natasha
  1486 | D:2      | Noticed Jessica
  1494 | D:2      | Killed Jessica
  1494 | D:2      | Reached XP level 5. HP: 52/52 MP: 4/4
  1701 | D:2      | Noticed Natasha
  1711 | D:2      | Killed Natasha
  1893 | D:2      | Noticed Crazy Yiuf
  1896 | D:2      | Killed Crazy Yiuf
  2113 | D:3      | Reached XP level 6. HP: 59/61 MP: 5/5
  2735 | D:4      | Found a radiant altar of Vehumet.
  2738 | D:4      | Noticed Sigmund
  2749 | D:4      | Killed Sigmund
  2749 | D:4      | Reached XP level 7. HP: 51/71 MP: 6/6
  2826 | D:4      | Reached skill level 10 in Fighting
  3096 | D:4      | Noticed a hippogriff
  3105 | D:4      | Killed a hippogriff
  3105 | D:4      | Reached XP level 8. HP: 50/82 MP: 7/7
  3262 | D:4      | Found an iron altar of Okawaru.
  3296 | D:4      | Became a worshipper of Warmaster Okawaru
  3607 | D:5      | Entered Level 5 of the Dungeon
  3635 | D:5      | Found a bloodstained altar of Trog.
  3717 | D:5      | Noticed Ijyb
  3731 | D:5      | Killed Ijyb
  3849 | D:5      | Found a stormy altar of Qazlal.
  3991 | D:5      | Found a staircase to the Ecumenical Temple.
  4268 | D:5      | Reached skill level 5 in Axes
  4431 | D:6      | Reached * piety under Okawaru
  4561 | D:6      | Noticed Pikel
  4577 | D:6      | Killed Pikel
  4577 | D:6      | Reached ** piety under Okawaru
  4577 | D:6      | Reached XP level 9. HP: 18/90 MP: 8/8
  4796 | D:6      | Noticed Dowan
  4799 | D:6      | Noticed Duvessa
  4811 | D:6      | Killed Dowan
  4823 | D:6      | Killed Duvessa
  4823 | D:6      | Reached skill level 10 in Axes
  5636 | D:7      | Reached *** piety under Okawaru
  5898 | D:8      | Found a staircase to the Lair.
  5899 | D:8      | Noticed an elephant
  5902 | D:8      | Noticed a two-headed ogre
  5919 | D:8      | Demolished by a two-headed ogre

Skill      XL: |  1  2  3  4  5  6  7  8  9 |
---------------+----------------------------+-----
Fighting       | 4 5 7 8 9 11 12 | 12.0
Axes           | 8 12 | 12.0
Armour         | |  3.6
Shields        | |  3.6

Action                   |  1- 3 |  4- 6 |  7- 9 || total
-------------------------+-------+-------+-------++-------
Melee: War axe           |    57 |   151 |   293 ||   501
       Headbutt          |    12 |    30 |    57 ||    99
  Use: Potion            |       |       |     8 ||     8
       Scroll            |       |       |    18 ||    18
  Eat: Meat ration       |       |     1 |     2 ||     3
       Bread ration      |       |     1 |       ||     1
       Fruit             |       |       |     1 ||     1
Armor: Scale mail        |    27 |    60 |    72 ||   159
       Plate armour      |       |       |   135 ||   135
Dodge: Dodged            |    21 |    33 |    68 ||   122
Block: Shield            |    16 |    69 |   165 ||   250
